 Dungeon Crawl Stone Soup version 0.17-b1-36-g7b1967c (webtiles) character file.

63036 fotsohgehT the Gelid (level 14, -14/68 HPs)
             Began as a Deep Elf Ice Elementalist on Nov 5, 2015.
             Was a High Priest of Vehumet.
             Demolished by an eight-headed hydra (15 damage)
             ... summoned by the player character
             ... on level 1 of the Lair of Beasts on Nov 6, 2015.
             The game lasted 02:43:22 (29776 turns).

fotsohgehT the Gelid (Deep Elf Ice Elementalist)   Turns: 29776, Time: 02:43:22

Health: -14/68     AC: 13    Str: 13    XL:     14   Next: 66%
Magic:  35/35      EV: 13    Int: 33    God:    Vehumet [*****.]
Gold:   1151       SH:  0    Dex: 17    Spells: 4 memorised, 22 levels left

rFire  + . .     SeeInvis +     b - +0 quick blade (elec)
rCold  + . .     Clarity  .     t - +2 robe {MR+}
rNeg   . . .     SustAt   .     (no shield)
rPois  +         Gourm    .     r - +2 helmet
rElec  +         Spirit   .     A - +1 cloak "Rupoonu" {rPois Str+3 Dex+2 Stlth+}
rCorr  +         Warding  .     p - +2 pair of gloves
rMut   .         Stasis   .     (no boots)
MR     ++...                    O - amulet of resist corrosion
Stlth  +++.......               X - ring of see invisible
                                V - +3 ring of slaying

@: mighty, brilliant, resistant, very slightly contaminated, hasted, very quick,
very resistant to hostile enchantments, fairly stealthy
A: icy blue scales 1, clever 1
a: Renounce Religion


You were on level 1 of the Lair of Beasts.
You worshipped Vehumet.
Vehumet was extremely pleased with you.
You were not hungry.

You visited 3 branches of the dungeon, and saw 20 of its levels.
You also visited: Ossuary.

You collected 1385 gold pieces.
You spent 234 gold pieces at shops.

Inventory:

Hand Weapons
 b - a +0 quick blade of electrocution (weapon)
 w - a +4 dagger of venom
Missiles
 Y - 85 stones (quivered)
Armour
 p - a +2 pair of gloves (worn)
 r - a +2 helmet (worn)
 t - a +2 robe of magic resistance (worn)
 A - the +1 cloak "Rupoonu" (worn) {rPois Str+3 Dex+2 Stlth+}
   (You found it on level 5 of the Dungeon)

   It affects your strength (+3).
   It affects your dexterity (+2).
   It protects you from poison.
   It makes you more stealthy.
Magical Staves
 a - an uncursed staff of conjuration
Jewellery
 F - an uncursed ring of protection from magic
 O - an amulet of resist corrosion (around neck)
 T - an uncursed ring of poison resistance
 V - a +3 ring of slaying (left hand)
 X - a ring of see invisible (right hand)
 Z - an uncursed ring of magical power
Wands
 P - a wand of disintegration (16)
 S - a wand of draining (9)
Scrolls
 f - a scroll of enchant armour
 j - 10 scrolls of teleportation
 k - 4 scrolls of remove curse
 C - 2 scrolls of blinking
 J - 4 scrolls of recharging
 K - 2 scrolls of fog
 W - 3 scrolls of magic mapping
Potions
 d - 19 potions of curing
 e - a potion of experience {unknown}
 g - a potion of magic
 i - 5 potions of heal wounds
 m - 2 potions of poison
 n - 3 potions of flight
 s - 6 potions of lignification
 u - 6 potions of brilliance
 v - a potion of haste
 E - a potion of resistance
 H - a potion of invisibility
 L - a potion of ambrosia
Books
 D - a book of Annihilations

   Spells                             Type                      Level
   a - Poison Arrow                   Conjuration/Poison           6
   b - Chain Lightning                Conjuration/Air              8
   c - Lehudib's Crystal Spear        Conjuration/Earth            8
   d - Glaciate                       Conjuration/Ice              9
   e - Fire Storm                     Conjuration/Fire             9
Comestibles
 c - 5 bread rations
 h - 5 chunks of flesh
 z - 13 fruits
 Q - 6 meat rations


   Skills:
 - Level 2.4 Dodging
 - Level 2.4 Stealth
 + Level 15.7 Spellcasting
 + Level 16.6 Conjurations
 + Level 16.9 Ice Magic
 - Level 4.0 Poison Magic


You had 22 spell levels left.
You knew the following spells:

 Your Spells              Type           Power        Failure   Level  Hunger
a - Poison Arrow          Conj/Pois      #######...   1%          6    ##.....
b - Confuse               Hex            #####...     1%          3    None
c - Throw Icicle          Conj/Ice       ########     0%          4    None
d - Glaciate              Conj/Ice       ########..   26%         9    #######


Dungeon Overview and Level Annotations

Branches:
Dungeon (11/15)            Temple (1/1) D:6            Lair (8/8) D:9
  Swamp (0/4) Lair:6        Snake (0/4) Lair:6        Slime (0/6) Lair:7
    Orc: D:9-12

Altars:
Cheibriados
Makhleb
Okawaru
Qazlal
Ru
Trog
Vehumet
Yredelemnul
The Shining One

Shops:
D:8 !   D:10 %

Annotations:
D:5 crazy yiff, exclusions: crimson imp and 1 more exclusion, Dowan, Sigmund
D:7 Joseph
D:8 Gastronok
D:9 rc+++
Lair:1 plan: quaff bril, res, might, haste and die
Lair:3 2 exclusions
Lair:4 exclusions: 2 death yaks and 1 more exclusion


Innate Abilities, Weirdness & Mutations

You are partially covered in icy blue scales (AC +1).
Your mind is acute. (Int +2)


Message History

Vehumet accepts your kill.
The water moccasin bites you but does no damage.
The river rat bites you but does no damage.
Really attack your iguana? [Y]es or [N]o only, please.
Really attack your iguana?
You hit your iguana.
The iguana is moderately wounded.
The eight-headed hydra barely misses you.
The eight-headed hydra bites you!
* * * LOW HITPOINT WARNING * * *
The eight-headed hydra bites you.
* * * LOW HITPOINT WARNING * * *
The eight-headed hydra bites you.
* * * LOW HITPOINT WARNING * * *
The eight-headed hydra bites you but does no damage.
The eight-headed hydra bites you.
* * * LOW HITPOINT WARNING * * *
The eight-headed hydra bites you!
You die...

,,,,,,,,,,,.........###.+..#...,,
,,,,,,,,,,,,........#.##.##....,,
**,,,*,,P****#.......#....#*...*,
***,,**.##***#......##....#*,..,,
,*,,,,*....,*#......##....#*,,.*,
,,*,,*,.....##......##....#*,,,*,
,**,,**......rĂ·...........#,,,,,,
,*,,,**.....##.DS...#.....#*,,,,,
,,*,,**#.P#,*#..@...##....#P,,,P,
**,,,**..***,#.rrl..##....#*,,,*+
**,,,,,,,,,...r.....#**##.#*,,,,,
,,,,,,,,,............#***,.,,,,,,
,,,,,,,,,..............,,,,,,,,,,
,,,,,,,,,...............,,,,,,,,,
,,,,,,,,,.......>.......,,,,,,,,,
,,,,,,,,,...............,,,,,,,,,
*,,,,,,,,,,,,,,,,,,,*****,*,*,,,*


You could see an eight-headed hydra, a water moccasin, an iguana and 4 river
rats.

Vanquished Creatures
  9 hydras
  Erolcha (D:9)
  A centaur warrior (D:6)
  18 death yaks
  3 oklob plants (Lair:6)
  6 elephants
  A griffon (Lair:7)
  5 black mambas
  A torpor snail (Lair:4)
  3 fire drakes
  25 spiny frogs
  A troll (D:10)
  A spriggan druid (Lair:8)
  6 komodo dragons
  5 polar bears (Lair:8)
  4 giant leeches (Lair:6)
  11 spriggans
  5 redbacks (Lair:8)
  12 blink frogs
  3 basilisks
  26 yaks
  8 hippogriffs
  28 wolves
  A deep elf mage (D:9)
  A wyvern (Lair:4)
  A hungry ghost (D:8)
  Menkaure (D:6)
  A swamp worm (Lair:6)
  17 water moccasins
  A naga (Lair:6)
  A sky beast (D:10)
  18 porcupines
  3 wasps (Lair:8)
  2 phantoms
  5 ice beasts
  10 black bears
  2 orc warriors
  4 centaurs
  2 big kobolds (D:9)
  5 ogres
  21 crocodiles
  An elf zombie (Ossuary)
  18 giant frogs
  3 scorpions
  The ghost of 4thArraOfDagon the Skirmisher, a weakling MiWn (D:4)
  A killer bee (Lair:3)
  3 jellies
  4 crimson imps
  A human zombie (Ossuary)
  A quasit (D:8)
  9 iguanas
  3 gnoll shamans
  3 hounds
  4 orc priests
  Ijyb (D:3)
  A giant frog skeleton (D:5)
  9 worker ants
  10 orc wizards
  2 big kobold zombies (Ossuary)
  23 sheep
  A hound skeleton (D:4)
  5 mummies
  A worker ant zombie (D:8)
  47 gnolls
  11 adders
  85 river rats
  A shadow imp (D:6)
  An adder zombie (Ossuary)
  4 worms
  6 giant geckos
  30 orcs
  A ball python (D:4)
  10 bats
  7 goblins
  8 hobgoblins
  28 jackals
  12 kobolds
  8 quokkas
  6 giant cockroaches
  5 giant newts
  A gnoll zombie (Ossuary)
  A goblin zombie (Ossuary)
  A hobgoblin zombie (Ossuary)
  A jackal skeleton (D:7)
  A jackal zombie (Ossuary)
  A kobold zombie (Ossuary)
  2 orc zombies (Ossuary)
  10 rats
  A plant (Lair:6)
673 creatures vanquished.

Vanquished Creatures (others)
  2 bushes (Lair:8)
  36 fungi
  40 plants
78 creatures vanquished.

Grand Total: 751 creatures vanquished

Notes
Turn   | Place    | Note
--------------------------------------------------------------
     0 | D:1      | fotsohgehT the Deep Elf Ice Elementalist began the quest for the Orb.
     0 | D:1      | Reached XP level 1. HP: 10/10 MP: 6/6
    29 | D:1      | Reached skill level 4 in Ice Magic
    29 | D:1      | Reached XP level 2. HP: 15/15 MP: 4/8
   120 | D:1      | Learned a level 2 spell: Throw Frost
   675 | D:1      | Reached XP level 3. HP: 19/19 MP: 7/9
  1016 | D:2      | Reached XP level 4. HP: 24/24 MP: 4/10
  1022 | D:2      | Learned a level 4 spell: Throw Icicle
  1393 | D:2      | Reached skill level 5 in Ice Magic
  1631 | D:3      | Noticed Ijyb
  1639 | D:3      | Killed Ijyb
  1639 | D:3      | Reached XP level 5. HP: 18/28 MP: 2/11
  2188 | D:3      | Reached skill level 6 in Ice Magic
  2188 | D:3      | Reached XP level 6. HP: 21/32 MP: 7/12
  2913 | D:3      | Reached skill level 5 in Conjurations
  3880 | D:3      | Reached XP level 7. HP: 36/36 MP: 5/13
  3979 | D:3      | Noticed an ogre
  4073 | D:4      | Reached skill level 7 in Ice Magic
  4187 | D:4      | Got a shimmering mace
  4188 | D:4      | Identified the cursed +3 mace "Globulus" {crush, MR+ Str+3 Stlth-} (You found it on level 4 of the Dungeon)
  4272 | D:4      | Found a burning altar of Makhleb.
  4274 | D:4      | Noticed a cacodemon
  4278 | D:4      | Noticed a hellwing
  4382 | D:4      | Noticed 4thArraOfDagon's ghost (weakling MiWn)
  4405 | D:4      | Killed 4thArraOfDagon's ghost
  5048 | D:3      | Killed an ogre
  5501 | D:3      | Reached XP level 8. HP: 41/41 MP: 5/16
  5583 | D:3      | Reached skill level 8 in Ice Magic
  6409 | D:5      | Entered Level 5 of the Dungeon
  6425 | D:5      | Got a scorched cloak
  6431 | D:5      | Identified the +1 cloak "Rupoonu" {rPois Str+3 Dex+2 Stlth+} (You found it on level 5 of the Dungeon)
  6497 | D:5      | Noticed Sigmund
  6601 | D:5      | Noticed Dowan
  7116 | D:6      | Noticed Menkaure
  7120 | D:6      | Reached skill level 5 in Spellcasting
  7154 | D:6      | Killed Menkaure
  7543 | D:6      | Noticed a centaur warrior
  7543 | D:6      | should have trained evo
  7543 | D:6      | Upgraded the game from 0.17-b1-25-g6d8775f to 0.17-b1-36-g7b1967c
  7544 | D:6      | da moment of truth
  7546 | D:6      | Killed a centaur warrior
  7546 | D:6      | Reached skill level 9 in Ice Magic
  7546 | D:6      | Reached XP level 9. HP: 39/45 MP: 6/21
  7547 | D:6      | teke that
  7748 | D:6      | Gained mutation: Your mind is acute. (Int +2) [potion of beneficial mutation]
  7749 | D:6      | Gained mutation: You are partially covered in icy blue scales (AC +1). [potion of beneficial mutation]
  8219 | D:6      | Reached skill level 10 in Ice Magic
  8743 | D:6      | Found a staircase to the Ecumenical Temple.
  8753 | Temple   | Entered the Ecumenical Temple
  8766 | Temple   | Became a worshipper of Vehumet
  8821 | D:7      | plz faith
  8856 | D:7      | Noticed Joseph
  8953 | D:7      | Found a sand-covered staircase.
  8969 | Ossuary  | Entered an ossuary
  9215 | Ossuary  | Reached * piety under Vehumet
  9215 | Ossuary  | Offered knowledge of Sandblast by Vehumet.
  9964 | D:8      | Reached XP level 10. HP: 50/50 MP: 15/25
 10551 | D:8      | Reached skill level 10 in Conjurations
 10768 | D:8      | Found Morim's Distillery.
 10771 | D:8      | Noticed Gastronok
 10802 | D:8      | Bought a potion of ambrosia for 104 gold pieces
 10802 | D:8      | Bought a potion of brilliance for 52 gold pieces
 10844 | D:9      | Found a staircase to the Lair.
 10941 | D:9      | Found a stormy altar of Qazlal.
 11075 | D:9      | Reached skill level 11 in Ice Magic
 11268 | D:9      | Found an iron altar of Okawaru.
 11281 | D:9      | Noticed Erolcha
 11554 | D:9      | Killed Erolcha
 11554 | D:9      | Offered knowledge of Throw Flame by Vehumet.
 11554 | D:9      | Reached skill level 10 in Spellcasting
 11668 | D:9      | Reached ** piety under Vehumet
 11919 | D:10     | Entered Level 10 of the Dungeon
 12144 | D:10     | Learned a level 9 spell: Glaciate
 12754 | D:10     | Found Atreas Fesaa's Food Shop.
 13093 | D:11     | Noticed a hill giant
 13155 | Lair:1   | Entered Level 1 of the Lair of Beasts
 13411 | Lair:1   | Reached XP level 11. HP: 50/54 MP: 22/27
 13413 | Lair:1   | Reached skill level 12 in Ice Magic
 13417 | Lair:1   | Offered knowledge of Dazzling Spray by Vehumet.
 13848 | Lair:1   | Noticed a black mamba
 13852 | Lair:1   | Killed a black mamba
 14607 | Lair:2   | Reached *** piety under Vehumet
 14809 | Lair:2   | Noticed a four-headed hydra
 14814 | Lair:2   | Killed a four-headed hydra
 14814 | Lair:2   | Reached skill level 13 in Ice Magic
 14867 | Lair:2   | Noticed a six-headed hydra
 14892 | Lair:2   | Killed a six-headed hydra
 15239 | Lair:2   | Offered knowledge of Sticky Flame by Vehumet.
 16028 | Lair:3   | Noticed an eight-headed hydra
 16034 | Lair:3   | Killed an eight-headed hydra
 16116 | Lair:3   | Reached XP level 12. HP: 59/59 MP: 20/28
 16315 | Lair:3   | Reached **** piety under Vehumet
 16474 | Lair:3   | Reached skill level 14 in Ice Magic
 16652 | Lair:3   | Offered knowledge of Lee's Rapid Deconstruction by Vehumet.
 17856 | Lair:4   | Learned a level 6 spell: Poison Arrow
 17900 | Lair:4   | Reached skill level 1 in Poison Magic
 19039 | Lair:4   | Noticed a six-headed hydra
 19043 | Lair:4   | Killed a six-headed hydra
 19153 | Lair:4   | Noticed a five-headed hydra
 19261 | Lair:4   | Killed a five-headed hydra
 19710 | Lair:5   | lol
 19716 | Lair:5   | Reached ***** piety under Vehumet
 19722 | Lair:5   | Offered knowledge of Iskenderun's Mystic Blast by Vehumet.
 19908 | Lair:5   | Learned a level 3 spell: Confuse
 21112 | Lair:6   | Found a staircase to the Snake Pit.
 21169 | Lair:6   | Noticed a four-headed hydra
 21172 | Lair:6   | Killed a four-headed hydra
 21321 | Lair:6   | Reached XP level 13. HP: 63/63 MP: 12/31
 21449 | Lair:6   | Reached skill level 15 in Ice Magic
 22052 | Lair:6   | Found a staircase to the Swamp.
 22789 | Lair:6   | Noticed a six-headed hydra
 22792 | Lair:6   | Killed a six-headed hydra
 22853 | Lair:6   | Reached skill level 15 in Conjurations
 23781 | Lair:7   | Offered knowledge of Fulminant Prism by Vehumet.
 24575 | Lair:7   | Reached skill level 16 in Ice Magic
 24582 | Lair:7   | Found a staircase to the Slime Pits.
 24876 | Lair:8   | Entered Level 8 of the Lair of Beasts
 24876 | Lair:8   | Found a basalt altar of Yredelemnul.
 25037 | Lair:7   | Reached XP level 14. HP: 68/68 MP: 29/34
 25199 | Lair:8   | fukking spriggans again
 25971 | Lair:8   | Offered knowledge of Bolt of Fire by Vehumet.
 26227 | Lair:8   | Reached skill level 15 in Spellcasting
 26857 | Lair:8   | :)
 27842 | Lair:1   | Offered knowledge of Ozocubu's Refrigeration by Vehumet.
 28502 | D:8      | Bought a potion of might for 52 gold pieces
 28502 | D:8      | Bought a potion of poison for 13 gold pieces
 28502 | D:8      | Bought a potion of poison for 13 gold pieces
 29776 | Lair:1   | HP: 3/68 [eight-headed hydra[the player character] (3)]
 29776 | Lair:1   | HP: 1/68 [eight-headed hydra[the player character] (2)]
 29776 | Lair:1   | Demolished by an eight-headed hydra

Action                   |  1- 3 |  4- 6 |  7- 9 | 10-12 | 13-15 || total
-------------------------+-------+-------+-------+-------+-------++-------
Melee: Unarmed           |     5 |       |       |       |       ||     5
       Short sword       |     3 |    13 |       |       |       ||    16
       Hand axe          |       |    28 |     6 |       |       ||    34
       Mace              |       |       |    10 |       |       ||    10
       Falchion          |       |       |    37 |       |       ||    37
       Dagger            |       |       |       |    66 |       ||    66
       Staff             |       |       |       |     1 |       ||     1
       Quick blade       |       |       |       |       |    34 ||    34
Throw: Throwing net      |       |       |     1 |       |       ||     1
       Stone             |       |       |       |    27 |     4 ||    31
 Cast: Freeze            |    45 |   102 |    94 |   159 |       ||   400
       Throw Frost       |     1 |    26 |    60 |     7 |       ||    94
       Throw Icicle      |       |       |    92 |   278 |   268 ||   638
       Poison Arrow      |       |       |       |    22 |    54 ||    76
Evoke: Wand              |       |       |       |    11 |     4 ||    15
  Use: Scroll            |       |       |    16 |    14 |    14 ||    44
       Potion            |       |       |     3 |     6 |     5 ||    14
 Stab: Sleeping          |     3 |     3 |     3 |     1 |       ||    10
       Betrayed ally     |       |       |       |       |     2 ||     2
  Eat: Chunk             |       |     7 |    22 |    11 |     4 ||    44
       Bread ration      |       |     1 |       |     6 |     4 ||    11
       Fruit             |       |       |     2 |       |     7 ||     9
       Royal jelly       |       |       |     1 |     2 |       ||     3
       Beef jerky        |       |       |       |     3 |       ||     3
       Pizza             |       |       |       |     1 |       ||     1
